 Dungeon Crawl Stone Soup version 0.26.0-16-gc1dbca0489 (webtiles) character file.

Game seed: 397283240877596919

9 EnegeticOcto the Insei (level 2, 0/23 HPs)
             Began as a Gnoll Transmuter on Jan 18, 2021.
             Slain by a leopard gecko (4 damage)
             ... on level 2 of the Dungeon.
             The game lasted 00:00:48 (98 turns).

EnegeticOcto the Insei (Gnoll Transmuter)             Turns: 98, Time: 00:00:49

Health: 0/23       AC:  2    Str: 12    XL:     2   Next: 16%
Magic:  6/7        EV: 14    Int: 15    God:
Gold:   28         SH:  0    Dex: 15    Spells: 9/10 levels left

rFire    . . .     SeeInvis .     - Unarmed
rCold    . . .     Faith    .   (no shield)
rNeg     . . .     Spirit   .   a - +0 robe
rPois    .         Reflect  .   (helmet currently unavailable)
rElec    .         Harm     .   (no cloak)
rCorr    .         Rampage  .   (no gloves)
Will     .....                  (boots currently unavailable)
Stlth    +.........             (no amulet)
HPRegen  0.07/turn              (no ring)
MPRegen  0.10/turn              (no ring)

@: appendages (expiring)
A: distributed training, fangs 1, horns 2, talons 2, strong nose
a: End Transformation


You were on level 2 of the Dungeon.
You had grown temporary horns.
You had grown temporary talons.
You visited 1 branch of the dungeon, and saw 2 of its levels.

You collected 28 gold pieces.

Inventory:

Armour
 a - a +0 robe (worn)
Scrolls
 c - 4 scrolls of blinking {unknown}
Potions
 b - a potion of degeneration {unknown}


   Skills:
 + Level 2.4 Fighting
 + Level 0.3 Short Blades
 + Level 0.3 Long Blades
 + Level 0.3 Axes
 + Level 0.3 Maces & Flails
 + Level 0.3 Polearms
 + Level 0.3 Staves
 + Level 0.3 Slings
 + Level 0.3 Bows
 + Level 0.3 Crossbows
 + Level 0.3 Throwing
 + Level 0.3 Armour
 + Level 4.4 Dodging
 + Level 0.3 Stealth
 + Level 0.3 Shields
 + Level 6.4 Unarmed Combat
 + Level 4.9 Spellcasting
 + Level 0.2 Conjurations
 + Level 0.2 Hexes
 + Level 0.2 Summonings
 + Level 0.2 Necromancy
 + Level 0.2 Translocations
 + Level 3.7 Transmutations
 + Level 0.2 Fire Magic
 + Level 0.2 Ice Magic
 + Level 0.2 Air Magic
 + Level 0.2 Earth Magic
 + Level 0.2 Poison Magic
 + Level 0.4 Invocations
 + Level 0.3 Evocations


You had 9 spell levels left.
You knew the following spells:

 Your Spells              Type           Power        Failure   Level
a - Beastly Appendage     Tmut           28%          3%          1

Your spell library contained the following spells:

 Spells                   Type           Power        Failure   Level
 Wereblood                Tmut           14%          5%          2
 Spider Form              Tmut/Pois      4%           22%         3
 Ice Form                 Ice/Tmut       9%           58%         4
 Blade Hands              Tmut           7%           69%         5


Dungeon Overview and Level Annotations

Branches:
Dungeon (2/15)

Altars:


Innate Abilities, Weirdness & Mutations

Your experience applies equally to all skills.
You have very sharp teeth.
Your uncanny sense of smell can sniff out nearby items.
You have a pair of horns on your head.
You have razor-sharp toenails.


Message History

You see here 9 gold pieces.
You now have 9 gold pieces.
Casting: Beastly Appendage (safe; 3% risk of failure)
Confirm with . or Enter, or press ? or * to list all spells.
You grow a pair of large bovine horns.
Your feet morph into talons.
You barely miss the frilled lizard. Your kick misses the frilled lizard.
You headbutt the frilled lizard.
You kill the frilled lizard!
Found 6 gold pieces.
A jackal comes into view.
You see here a scroll labelled OTHIBBONODU.
c - 4 scrolls labelled OTHIBBONODU (gained 1)
The jackal barks!
A jackal comes into view.
A rat comes into view.
Your horns disappear.
Your talons disappear.
The jackal bites you but does no damage.
You see here 6 gold pieces.
You miss the jackal. The jackal completely misses you.
You hit the jackal.
The jackal is almost dead.
The jackal bites you. The jackal closely misses you. The jackal misses you.
The jackal barely misses you.
You punch the jackal!
You kill the jackal!
The jackal barely misses you. x2
You barely miss the jackal. The jackal misses you. x2
You hit the jackal but do no damage. You bite the jackal, but do no damage.
The jackal misses you. x2
You closely miss the jackal. The jackal completely misses you.
The jackal barely misses you. x2
You punch the jackal!
You kill the jackal!
The jackal barely misses you. x2
You closely miss the jackal. You bite the jackal, but do no damage.
The jackal misses you.
You hit the jackal.
The jackal is severely wounded.
The jackal completely misses you.
You punch the jackal!
You kill the jackal!
You now have 15 gold pieces (gained 6).
Found 13 gold pieces.
Found a dagger.
Found a stone staircase leading down.
You hit the rat but do no damage. You completely miss the rat.
The rat bites you.
You hit the rat.
You kill the rat!
You have reached level 2!
You now have 24 gold pieces (gained 9).
You now have 28 gold pieces (gained 4).
(D) Dungeon
Where to? (? - help)
There is a stone staircase leading down here.
You climb downwards.
There is a stone staircase leading up here.
Found a fizzy emerald potion.
You stumble into a teleport trap!
You are suddenly yanked towards some nearby monsters!
Your surroundings suddenly seem different.
A jackal comes into view.
The jackal barks!
A jackal comes into view.
The jackal barks!
A jackal comes into view.
The jackal barks!
You hear an angry hiss.
The jackal bites you. The jackal misses you. x2
A leopard gecko comes into view.
The jackal bites you. x2
The jackal bites you but does no damage.
Found a bubbling orange potion.
Found a stone staircase leading down.
You hit the jackal.
You kill the jackal!
The jackal bites you.
The jackal bites you but does no damage.
Casting: Beastly Appendage (safe; 3% risk of failure)
Confirm with . or Enter, or press ? or * to list all spells.
You grow a pair of large bovine horns.
Your feet morph into talons.
The jackal barely misses you.
The jackal bites you but does no damage.
You barely miss the jackal. The jackal bites you.
* * * LOW HITPOINT WARNING * * *
The jackal closely misses you. The jackal barely misses you.
You miss the jackal. Your kick misses the jackal. The jackal misses you.
The jackal closely misses you. The jackal bites you.
* * * LOW HITPOINT WARNING * * *
You hit the jackal. Your punch misses the jackal.
The jackal is severely wounded.
The jackal misses you. The jackal closely misses you.
You punch the jackal!
You kill the jackal!
The jackal barely misses you.
You barely miss the leopard gecko. Your kick misses the leopard gecko.
Your transformation is almost over.
The leopard gecko bites you but does no damage.
The jackal bites you but does no damage.
You miss the leopard gecko. Your kick misses the leopard gecko.
The leopard gecko bites you.
You die...

##########
#h@l..!...
#.###>....
#. .## #.
#. .# ##
.#


You could see a leopard gecko and a jackal.

Vanquished Creatures
  5 jackals
  A frilled lizard (D:1)
  3 rats (D:1)
9 creatures vanquished.

Notes
Turn   | Place    | Note
-------+----------+-------------------------------------------
     0 | D:1      | EnegeticOcto the Gnoll Transmuter began the quest for the
                  | Orb.
     0 | D:1      | Reached XP level 1. HP: 17/17 MP: 6/6
    73 | D:1      | Reached XP level 2. HP: 14/23 MP: 7/7
    98 | D:2      | Slain by a leopard gecko

Illustrated notes

Levels and vault maps discovered:
D:1:      eino_arrival_tree_alley, layout_rooms
D:2:      layout_basic, chequers_ecumenical_altar_twisty, kennysheep_doodads,
          uniq_jessica

Action                   || total
-------------------------++-------
Melee: Unarmed           ||    25
       Bite              ||     2
       Headbutt          ||     1
 Cast: Beastly Appendage ||     2
Armor: Robe              ||     6
Dodge: Dodged            ||    27
